 Dungeon Crawl Stone Soup version 0.14.1-26-g5a19342 (webtiles) character file.

280202 Konstantin the Blocker (level 19, -3/172 (174) HPs)
             Began as a Minotaur Death Knight on July 11, 2014.
             Was a High Priest of Yredelemnul.
             Succumbed to dark miasma's poison
             ... on Level 2 of the Crypt on July 27, 2014.
             The game lasted 21:13:41 (59787 turns).

Konstantin the Blocker (Minotaur Death Knight)     Turns: 59787, Time: 21:13:42

HP  -3/172 (174) AC 32     Str 26      XL: 19   Next: 59%
MP  32/32        EV  8     Int  7      God: Yredelemnul [*****.]
Gold 3136        SH 17     Dex 22      Spells:  0 memorised, 18 levels left

rFire  + + +     SeeInvis .     (no weapon)
rCold  x . .     Rnd*Rage +     u - +10 plate armour "Cuaguv" {rElec rPois rF+ MR++}
rNeg   + . .     Conserve .     N - -2 buckler of Least Resistance {rElec Acc+5 Dam+4}
rPois  +         rCorr    .     S - +2 hat {Int+3}
rElec  +         rRot     .     y - -1 cloak of Forking Paths {MR++ Curse}
SustAb . .       Spirit   .     Y - -1 pair of gloves "Uroisk" {Str+4 Dex+4}
rMut   .         Warding  .     U - +0 pair of boots {run}
Saprov . . .     Stasis   .     W - necklace of Bloodlust {*Rage +Rage MR+ Str+2 Int-2 Dam+5 Stlth- Curse}
MR     +++++                    p - +5,+4 ring of slaying
                                P - ring "Frytuwn" {Wiz rF++ rC- rN+ Dam+6}

@: non-regenerating, invisible, exhausted, lethally poisoned, badly diseased,
very slightly contaminated, slowed, wreathed by umbra, retching, very slow,
almost entirely resistant to hostile enchantments, extremely unstealthy
A: retaliatory headbutt, horns 2, agile 1, dopey 1, slow metabolism 1
a: Animate Dead, Recall Undead Slaves, Injury Mirror, Drain Life, Enslave Soul,
Renounce Religion, Evoke Berserk Rage
}: 2/15 runes: serpentine, barnacled


You were on level 2 of the Crypt.
You worshipped Yredelemnul.
Yredelemnul was extremely pleased with you.
You were not hungry.

You visited 9 branches of the dungeon, and saw 45 of its levels.
You also visited: Ossuary, Ice Cave and Volcano.

You collected 5107 gold pieces.
You spent 1971 gold pieces at shops.

Inventory:

Hand weapons
 a - a +4,+6 demon blade of venom
 b - a +2,+2 crossbow of evasion
 G - a +2,+0 dagger of protection
 I - the +9,+9 short sword of Skirmishing {slice, -Tele +Rage +Inv +Fly rElec SInv}
   (You took it off a deep elf annihilator on level 3 of the Elven Halls)

   It inflicts extra damage upon your enemies.
   It insulates you from electricity.
   It enhances your eyesight.
   It lets you turn invisible.
   It lets you fly.
   It lets you go berserk.
   It prevents most forms of teleportation.
Missiles
 A - 49 bolts of frost
 B - 73 bolts
 K - 30 poisoned bolts
 L - 15 silver bolts
 X - 13 bolts of flame
Armour
 h - the +4 scale mail "Gufeic" {rC+}
   (You found it on level 2 of the Crypt)

   It protects you from cold.
 u - the +10 plate armour "Cuaguv" (worn) {rElec rPois rF+ MR++}
   (You bought it in a shop on level 4 of the Orcish Mines)

   It protects you from fire.
   It insulates you from electricity.
   It protects you from poison.
   It affects your resistance to hostile enchantments.
 y - the -1 cloak of Forking Paths (worn) {MR++ Curse}
   (You bought it in a shop on level 1 of the Orcish Mines)

   It affects your resistance to hostile enchantments.
   It may recurse itself when equipped.
 N - the -2 buckler of Least Resistance (worn) {rElec Acc+5 Dam+4}
   (You took it off a wight on level 11 of the Dungeon)

   It affects your accuracy with ranged weapons and melee attacks (+5).
   It affects your damage with ranged weapons and melee attacks (+4).
   It insulates you from electricity.
 S - a +2 hat of intelligence (worn)
 U - a +0 pair of boots of running (worn)
 Y - the -1 pair of gloves "Uroisk" (worn) {Str+4 Dex+4}
   (You found it on level 11 of the Dungeon)

   It affects your strength (+4).
   It affects your dexterity (+4).
Magical devices
 m - a wand of lightning (6)
 x - a wand of hasting (3)
 H - a wand of cold (7)
Comestibles
 c - 13 bread rations
Scrolls
 f - 4 scrolls of blinking
 i - 20 scrolls of teleportation
 o - 9 scrolls of remove curse
 r - 3 scrolls of identify
 t - 4 scrolls of fog
 w - a scroll of silence
 E - 3 scrolls of vulnerability
 F - 3 scrolls of immolation
 Q - 9 scrolls of fear
Jewellery
 g - an uncursed ring of ice
 j - an uncursed ring of positive energy
 k - an uncursed ring of protection from cold
 l - an uncursed amulet of resist mutation
 p - a +5,+4 ring of slaying (right hand)
 z - an uncursed amulet of stasis
 C - an uncursed amulet of warding
 P - the ring "Frytuwn" (left hand) {Wiz rF++ rC- rN+ Dam+6}
   (You acquired it on level 3 of the Shoals)

   [ring of wizardry]

   It affects your damage with ranged weapons and melee attacks (+6).
   It greatly protects you from fire.
   It makes you vulnerable to cold.
   It protects you from negative energy.
 T - an uncursed ring of see invisible
 V - an uncursed ring of positive energy
 W - the necklace of Bloodlust (around neck) {*Rage +Rage MR+ Str+2 Int-2 Dam+5 Stlth- Curse}
   (You found it on level 3 of the Elven Halls)

   [amulet of rage]

   It affects your strength (+2).
   It affects your intelligence (-2).
   It affects your damage with ranged weapons and melee attacks (+5).
   It affects your resistance to hostile enchantments.
   It may make you go berserk in combat.
   It may recurse itself when equipped.
   It makes you less stealthy.
 Z - the amulet of Clerie Moud {Clar MR++ Stlth-}
   (You found it on level 1 of the Crypt)

   [amulet of clarity]

   It affects your resistance to hostile enchantments.
   It makes you much less stealthy.
Potions
 e - a potion of haste
 n - 2 potions of blood
 q - 4 potions of heal wounds
 s - a potion of invisibility
 v - 14 potions of curing
 J - 4 potions of resistance
 M - 4 potions of agility
 R - 3 potions of might
Miscellaneous
 D - a fan of gales


   Skills:
 * Level 16.8 Fighting
 + Level 5.8 Short Blades
 * Level 16.8 Long Blades
 + Level 7.4 Crossbows
 * Level 16.8 Armour
 - Level 1.1 Dodging
 + Level 9.8 Stealth
 * Level 16.9 Shields
 * Level 14.7 Invocations
 + Level 10.6 Evocations


You had 18 spell levels left.
You didn't know any spells.

Dungeon Overview and Level Annotations

Branches:
Dungeon (15/15)            Temple (1/1) D:6             Orc (4/4) D:11
    Elf (3/3) Orc:4          Lair (8/8) D:11         Shoals (5/5) Lair:4
  Snake (5/5) Lair:6        Slime (0/6) Lair:7       Vaults (2/5) D:14
  Crypt (2/5) Vaults:2     Depths (0/5) D:15
   Tomb: Crypt:2-3

Altars:
Ashenzari
Cheibriados
Dithmenos
Elyvilon
Fedhas
Kikubaaqudgha
Makhleb
Nemelex Xobeh
Okawaru
Sif Muna
Trog
Vehumet
Xom
Yredelemnul
Zin
The Shining One
Beogh
Jiyva

Shops:
Orc:1 [   Orc:4 (*(!   Elf:3 (   Snake:5 %

Portals:
Hell: Lair:8


Innate Abilities, Weirdness & Mutations

You reflexively headbutt those who attack you in melee.
You have a pair of horns on your head.
You are agile. (Dex +2)
You are dopey. (Int -2)
You have a slow metabolism.


Message History

Use which ability? (? or * to list)
Okay, then.
Use which ability? (? or * to list)
A red film seems to cover your vision as you go berserk!
You feel yourself moving faster!
You feel mighty!
* * * LOW HITPOINT WARNING * * *
You feel extremely sick.
You feel a strong urge to attack something.
* * * LOW HITPOINT WARNING * * *
You feel very sick.
* * * LOW HITPOINT WARNING * * *
You feel very sick.
You feel your anger subside.
You are no longer berserk.
You are exhausted.
You feel as though you will be slow longer.
* * * LOW HITPOINT WARNING * * *
You feel very sick.
You die...
Your body rises from the dead as a mindless zombie.

#.# #..<.....#)..[# #.#
#.###......#..#######.#
#.###.####.##...........^.#
##....................######
#n..n.......#####..##.######
#n####.####.................
#.# #≈# #.#####..##.######
#z####.####........#[.......
#n.≈..≈.≈≈.@A####.##...#####
######..≈.≈..znn....[....#
#≈.≈###.##n####...#.###
#≈≈n##..##.# #........
##.>##.###z# #.###.###
#≈.##.# #n# #.# #.#
#.n##.###n####.###.#
#.(z..n..n...^......
#.....A##.###D###.####.#


You could see a friendly profane servitor, 3 friendly ghouls and a friendly
skeletal warrior.

Vanquished Creatures
  A deep elf master archer (Elf:3)
  2 deep elf blademasters (Elf:3)
  Rupert (D:15)
  Agnes (Vaults:1)
  Ilsuiw (Shoals:5)
  A revenant (Crypt:2)
  5 greater nagas
  2 vault wardens
  A frost giant (Vaults:2)
  Louise (Shoals:3)
  5 deep elf sorcerers (Elf:3)
  A stone giant (Shoals:2)
  3 deep elf demonologists
  The ghost of Kae the Impaler, a mighty NaFi of Cheibriados (Snake:3)
  An unborn (Vaults:2)
  5 deep elf death magi (Elf:3)
  An ettin (Vaults:1)
  4 deep elf annihilators (Elf:3)
  A vault guard (D:14)
  5 merfolk impalers
  8 jiangshi
  A siren (Shoals:5)
  4 ogre magi
  A great orb of eyes (Vaults:2)
  3 hydras
  A yaktaur captain (D:15)
  A ravenous feature mimic (Crypt:1)
  3 ironheart preservers
  9 naga warriors
  A deep elf high priest (Elf:3)
  6 anacondas
  2 death yaks (Lair:8)
  An alligator snapping turtle (Shoals:5)
  2 deep dwarf death knights
  2 shock serpents (Snake:5)
  2 large abominations
  2 naga sharpshooters
  A centaur warrior (Vaults:1)
  2 vampire magi (Crypt:2)
  6 spectral elves (Elf:3)
  A soul eater (Elf:3)
  A very ugly thing (Vaults:1)
  An orc high priest (Orc:4)
  A hell beast (Elf:3)
  A sun demon (D:14)
  A deep elf knight (Elf:1)
  13 sea snakes
  2 deep trolls (Vaults:2)
  5 unseen horrors
  5 orc knights
  5 deep elf summoners
  A wizard (Vaults:2)
  2 ice statues (IceCv)
  3 hill giants
  A phantasmal warrior (Crypt:1)
  A necromancer (Crypt:1)
  A naga ritualist (Snake:5)
  3 ironbrand convokers
  An anaconda skeleton (Crypt:1)
  4 mana vipers
  3 harpies
  2 deep elf conjurers
  6 griffons
  A salamander (Snake:1)
  6 orc sorcerers
  A water nymph (Shoals:4)
  2 red wasps
  3 fauns
  7 cyclopes
  10 elephants
  6 manticores
  An orange demon (Lair:8)
  A sixfirhy (Lair:8)
  8 mermaids
  2 vault sentinels (Vaults:1)
  5 spiny frogs
  8 black mambas
  2 guardian serpents (Snake:5)
  A queen ant (Lair:8)
  A feature mimic (Lair:2)
  A gargoyle (D:11)
  An item mimic (Orc:3)
  A purple draconian zombie (Crypt:1)
  11 naga magi
  A yaktaur (shapeshifter) (Elf:2)
  A yaktaur (Vaults:2)
  2 freezing wraiths
  4 deep elf priests
  A hellwing (Lair:8)
  3 komodo dragons
  A golden dragon simulacrum (Crypt:1)
  3 merfolk
  A tengu conjurer (D:14)
  4 kobold demonologists
  2 giant fireflies (Lair:2)
  A wind drake (Shoals:5)
  3 trolls
  A blue devil (Elf:1)
  2 red devils
  A minotaur skeleton (Crypt:2)
  2 hydra skeletons
  3 boulder beetles
  4 two-headed ogres
  A raven (D:14)
  A brown ooze (shapeshifter) (Vaults:1)
  A baby alligator (shapeshifter) (Vaults:2)
  6 blink frogs
  5 snapping turtles
  A trapdoor spider (D:15)
  3 flying skulls (Crypt:1)
  5 wraiths
  A spriggan (D:7)
  25 yaks
  A tarantella (Elf:1)
  7 porcupines
  3 basilisks
  8 deep elf magi
  A wyvern (D:12)
  A vampire (Crypt:2)
  6 water elementals
  2 redbacks (Elf:3)
  6 hippogriffs
  2 elephant slugs
  14 vampire mosquitoes
  6 deep elf fighters
  A shark (Elf:1)
  14 ugly things
  10 soldier ants
  26 nagas
  14 wolves
  3 wargs
  15 water moccasins
  A hell hound (Lair:8)
  10 orc warriors
  A sky beast (D:15)
  2 spiders (Snake:2)
  8 ice beasts
  A boring beetle (shapeshifter) (Elf:2)
  A boring beetle (Lair:4)
  9 ogres
  6 crocodiles
  6 centaurs
  7 giant slugs
  A hog skeleton (Crypt:1)
  12 giant frogs
  10 big kobolds
  A yaktaur skeleton (D:11)
  An elf skeleton (Crypt:2)
  A giant slug zombie (Crypt:1)
  6 water moccasin zombies (Ossuary)
  A cyclops skeleton (D:15)
  3 scorpions
  A tengu zombie (D:15)
  3 wights
  A snapping turtle simulacrum (Crypt:1)
  A goliath beetle (D:14)
  19 killer bees
  A quasit (Vaults:1)
  7 crimson imps
  Crazy Yiuf (D:3)
  A black bear zombie (Crypt:1)
  A two-headed ogre zombie (D:8)
  A centaur skeleton (D:12)
  5 hounds
  A jelly (D:8)
  4 big fish
  2 elf zombies
  17 worker ants
  A black bear skeleton (Crypt:1)
  5 iguanas
  Natasha (twice) (D:3)
  14 orc priests
  16 orc wizards
  7 sheep
  3 big kobold zombies (Ossuary)
  An ogre skeleton (D:10)
  2 mummies (Ossuary)
  4 gnolls
  A worker ant zombie (D:11)
  An inept item mimic (D:3)
  4 shadow imps
  21 adders
  2 giant mites
  15 green rats
  3 worms
  4 white imps
  A lava snake zombie (Crypt:1)
  5 adder zombies (Ossuary)
  A giant eyeball (D:11)
  4 giant geckos
  81 orcs
  A ball python (D:4)
  19 bats
  2 bat skeletons (D:5)
  A giant cockroach (D:3)
  17 goblins
  11 hobgoblins
  13 jackals
  50 kobolds
  5 quokkas
  5 giant newts
  A giant spore (D:13)
  2 gnoll zombies
  9 hobgoblin zombies (Ossuary)
  A jackal skeleton (D:4)
  A kobold skeleton (D:8)
  2 kobold zombies (Ossuary)
  7 orc zombies
  A quokka zombie (D:5)
  9 rats
  A rat skeleton (Orc:4)
  3 spectral orcs (D:10)
  A bush (D:2)
  2 fungi
  7 plants
  A tentacle (Shoals:5)
997 creatures vanquished.

Vanquished Creatures (collateral kills)
  Norris (Vaults:1)
  Nikola (Snake:2)
  Asterion (Shoals:3)
  An Ice Fiend (Elf:2)
  The ghost of SaintRoka the Tortoise, a mighty DDNe of Kikubaaqudgha (Vaults:1)
  Vashnia (Snake:2)
  A deep elf master archer (Elf:3)
  Polyphemus (Shoals:3)
  A kraken (Shoals:5)
  5 greater nagas (Snake:5)
  Wiglaf (Shoals:3)
  2 vault wardens (Vaults:1)
  Aizul (Shoals:1)
  3 deep elf sorcerers
  Gastronok (D:8)
  A spectral weapon (Shoals:3)
  Jorgrun (Elf:3)
  4 deep elf demonologists
  A stone giant (Vaults:2)
  3 deep elf annihilators (Elf:3)
  2 deep elf death magi
  A lorocyproca (Elf:2)
  4 merfolk javelineers (Shoals:5)
  Snorg (Shoals:3)
  A fire dragon (D:12)
  2 quicksilver dragon zombies (Crypt:1)
  A yaktaur captain (Vaults:1)
  2 sirens
  4 merfolk impalers
  4 vault guards
  4 hydras
  5 ironheart preservers
  10 naga warriors
  Nessos (Shoals:1)
  An ice dragon (D:14)
  An ogre mage (Vaults:2)
  7 anacondas
  7 merfolk aquamancers
  A plague shambler (Crypt:2)
  6 death yaks
  2 orc high priests (Orc:4)
  7 naga sharpshooters
  5 spectral elves (Elf:3)
  Nergalle (D:10)
  2 shock serpents (Snake:5)
  2 catoblepae
  A soul eater (Orc:4)
  A hell knight (Vaults:2)
  A very ugly thing (Vaults:2)
  6 centaur warriors
  3 ice devils
  A hell beast (Elf:3)
  20 deep elf knights
  9 sea snakes
  A flayed ghost (Crypt:2)
  A golden dragon zombie (Crypt:1)
  3 salamander mystics
  3 unseen horrors (Crypt:1)
  2 wizards
  3 deep trolls (Vaults:2)
  5 naga ritualists
  A deep elf summoner (Elf:2)
  A flaming corpse (Crypt:2)
  10 harpies
  6 hill giants
  4 ironbrand convokers
  2 necromancers (Crypt:1)
  A hill giant (shapeshifter) (Vaults:1)
  A shadow demon (Elf:3)
  5 water nymphs
  4 orc knights
  A lindwurm (Orc:1)
  An iron dragon zombie (Crypt:1)
  9 mana vipers
  2 orc sorcerers
  8 deep elf conjurers
  3 cyclopes
  2 griffons
  A phantasmal warrior (Crypt:2)
  An oklob plant (D:3)
  A stone giant zombie (Crypt:1)
  8 salamanders
  3 fauns (Shoals:2)
  17 elephants
  5 sixfirhies
  15 black mambas
  A drowned soul (Shoals:1)
  9 manticores
  7 guardian serpents
  7 mermaids
  2 gargoyles
  2 feature mimics
  2 two-headed ogres
  3 vault sentinels
  11 yaktaurs
  10 spiny frogs
  2 smoke demons
  9 naga magi
  3 orange demons (Lair:8)
  2 demonic crawlers (Elf:1)
  2 fire drakes (Lair:8)
  A tengu conjurer (D:14)
  24 merfolk
  Grinder (D:3)
  A komodo dragon (D:15)
  9 blue devils
  3 giant fireflies (Lair:2)
  A centaur skeleton (D:14)
  5 deep elf priests
  2 freezing wraiths
  2 wind drakes
  4 trolls
  A baby alligator (shapeshifter) (Vaults:1)
  A blink frog (shapeshifter) (D:13)
  2 slime creatures
  2 basilisks
  A fire giant simulacrum (Crypt:1)
  A raven (D:14)
  A blink frog (Lair:8)
  5 snapping turtles
  2 grizzly bears (shapeshifter)
  28 deep elf fighters
  2 flying skulls (Crypt:1)
  A shadow (D:13)
  6 water elementals
  2 spriggans (shapeshifter)
  An ettin skeleton (Crypt:1)
  2 redbacks (Elf:1)
  A ynoxinul (Elf:2)
  18 yaks
  An elephant slug (Lair:8)
  3 hungry ghosts
  5 sharks
  27 ugly things
  A neqoxec (Orc:4)
  A centaur simulacrum (D:14)
  A wraith (Crypt:2)
  25 deep elf magi
  2 wyverns
  5 hippogriffs
  2 vampires
  15 wolves
  An emperor scorpion simulacrum (Crypt:1)
  6 vampire mosquitoes
  A human zombie (Lair:8)
  2 mottled dragons
  6 porcupines
  A chaos spawn (Elf:3)
  7 soldier ants
  12 water moccasins
  27 nagas
  3 necrophages
  A trapdoor spider simulacrum (D:15)
  5 ice beasts
  A dwarf (Elf:1)
  3 phantoms
  3 spiders (Snake:2)
  A yellow wasp (D:7)
  A hydra simulacrum (Crypt:1)
  3 sky beasts
  18 centaurs
  15 orc warriors
  9 ogres
  3 lava worms (Orc:1)
  10 crocodiles
  An orc skeleton (D:14)
  A swamp dragon skeleton (Crypt:1)
  A giant goldfish (Lair:4)
  2 big kobolds
  A boring beetle (Lair:4)
  8 giant slugs
  A brain worm (D:14)
  Blork the orc (D:5)
  A cyclops zombie (D:13)
  8 giant frogs
  3 scorpions
  A spriggan zombie (Crypt:1)
  10 wights
  11 killer bees
  A troll zombie (D:8)
  A hippogriff zombie (D:8)
  An electric eel (Elf:1)
  A quasit (Vaults:1)
  2 yak skeletons (Orc:4)
  A crimson imp (D:14)
  2 pulsating lumps (Lair:7)
  6 hounds
  A goliath beetle (D:12)
  13 orc priests
  A giant frog skeleton (D:4)
  2 jellies
  2 big fish (Lair:4)
  A gnoll shaman (D:8)
  An iron imp (Orc:4)
  A basilisk skeleton (D:14)
  6 iguanas
  24 orc wizards
  24 worker ants
  4 sheep (Lair:4)
  2 ogre skeletons
  13 adders
  11 gnolls
  9 green rats
  A giant mite (D:2)
  A shadow imp (D:6)
  3 worms
  7 ufetubi
  3 white imps (D:14)
  An iguana zombie (Crypt:1)
  6 orc zombies
  An adder skeleton (D:5)
  An iguana skeleton (Crypt:1)
  A giant eyeball (D:5)
  4 giant geckos
  2 oozes (D:8)
  135 orcs
  Natasha (D:3)
  5 hobgoblins
  5 jackals
  3 quokkas
  9 bats
  9 goblins
  19 kobolds
  A quokka skeleton (D:5)
  6 rats
  9 rat skeletons (Orc:4)
  A rat zombie (D:5)
  A ballistomycete (D:13)
  3 bushes
  2 butterflies
  2 crawling corpses
  59 fungi
  94 plants
  2 tentacles (Shoals:5)
1294 creatures vanquished.

Vanquished Creatures (others)
  3 ghouls (Elf:3)
  A deep elf sorcerer (Elf:3)
  Harold (Lair:1)
  6 death cobs
  A spectral yaktaur (Shoals:5)
  The ghost of ztt the Thaumaturge, an experienced DEFE of Vehumet (D:10)
  4 skeletal warriors
  6 flaming corpses
  5 flayed ghosts
  An orc sorcerer (Orc:4)
  2 spectral elves
  10 phantasmal warriors
  A spiny frog (Lair:1)
  A spectral centaur (Crypt:1)
  11 drowned souls
  2 sea snake zombies
  A spectral harpy (Shoals:5)
  24 flying skulls
  A vampire (D:11)
  A ynoxinul (Elf:3)
  A wraith (Lair:1)
  An ugly thing zombie (D:11)
  A wind drake skeleton (Shoals:5)
  A deep elf fighter (Vaults:1)
  2 orc warriors
  An ogre (Vaults:1)
  A wolf skeleton (Lair:8)
  16 lost souls
  A manticore skeleton (D:14)
  A giant frog (D:13)
  A giant slug zombie (Lair:1)
  5 yak zombies
  A wight (Lair:8)
  A yak skeleton (D:11)
  2 wolf zombies
  2 centaur zombies (D:11)
  A spectral orc (Orc:4)
  2 basilisk zombies (D:11)
  5 elf skeletons
  An elf zombie (Elf:1)
  2 soldier ant zombies (Lair:8)
  A porcupine zombie (Lair:2)
  8 killer bee zombies
  A crocodile zombie (D:11)
  3 big kobold zombies (D:11)
  A hound zombie (D:7)
  A worker ant zombie (Lair:8)
  3 green rats (Lair:1)
  6 orc skeletons
  A worm zombie (D:5)
  A goliath beetle zombie (D:14)
  A sheep zombie (Lair:4)
  An adder zombie (D:3)
  A bat skeleton (D:3)
  4 bat zombies
  A giant mite zombie (D:6)
  A giant gecko zombie (Lair:2)
  3 goblin zombies
  4 green rat zombies
  3 hobgoblin zombies
  A jackal zombie (D:2)
  11 kobold zombies
  34 orc zombies
  2 quokka zombies
  A rat skeleton (Orc:4)
  4 fungi (Lair:8)
  17 plants
  9 tentacles (Shoals:5)
  104 tentacle segments (Shoals:5)
360 creatures vanquished.

Grand Total: 2651 creatures vanquished

Notes
Turn   | Place    | Note
--------------------------------------------------------------
     0 | D:1      | Konstantin, the Minotaur Death Knight, began the quest for the Orb.
     0 | D:1      | Reached XP level 1. HP: 18/18 MP: 1/1
   316 | D:1      | Found a shimmering altar of Xom.
   474 | D:1      | Reached XP level 2. HP: 25/25 MP: 1/1
  1255 | D:1      | Reached skill level 1 in Short Blades
  1269 | D:1      | Reached skill level 3 in Fighting
  1269 | D:1      | Reached XP level 3. HP: 8/31 MP: 3/3
  1547 | D:2      | Acquired Yredelemnul's second power
  1906 | D:2      | Reached skill level 1 in Stealth
  2007 | D:2      | Reached XP level 4. HP: 34/38 MP: 4/4
  2290 | D:2      | Reached skill level 1 in Shields
  2902 | D:3      | Reached XP level 5. HP: 35/45 MP: 5/5
  3151 | D:3      | Noticed Natasha
  3160 | D:3      | Killed Natasha
  3238 | D:3      | Acquired Yredelemnul's third power
  3282 | D:3      | Noticed Natasha
  3285 | D:3      | Noticed Grinder
  3407 | D:3      | Found a blossoming altar of Fedhas.
  3463 | D:3      | Noticed an oklob plant
  3532 | D:3      | Noticed Crazy Yiuf
  3555 | D:3      | Killed Crazy Yiuf
  3555 | D:3      | Reached XP level 6. HP: 28/51 MP: 7/7
  3834 | D:3      | Paralysed by Grinder for 7 turns
  3990 | D:3      | Killed Natasha
  4123 | D:3      | Noticed Natasha
  4192 | D:4      | Received a gift from Yredelemnul
  5049 | D:4      | Reached skill level 4 in Fighting
  5049 | D:4      | Reached XP level 7. HP: 59/59 MP: 8/8
  5122 | D:4      | Acquired Yredelemnul's fourth power
  5202 | D:3      | Killed Natasha
  5211 | D:3      | Killed Grinder
  5404 | D:3      | Killed an oklob plant
  5404 | D:3      | Reached skill level 1 in Evocations
  5535 | D:5      | Entered Level 5 of the Dungeon
  5588 | D:5      | Received a gift from Yredelemnul
  5595 | D:5      | Found a deep blue altar of Sif Muna.
  5595 | D:5      | Found a basalt altar of Yredelemnul.
  5645 | D:5      | Found a sand-covered staircase.
  5686 | Ossuary  | Entered an ossuary
  5724 | Ossuary  | Reached XP level 8. HP: 64/67 MP: 9/9
  5755 | Ossuary  | Reached skill level 5 in Fighting
  5755 | Ossuary  | Reached skill level 5 in Long Blades
  5856 | Ossuary  | Reached skill level 5 in Shields
  5877 | Ossuary  | Reached skill level 5 in Armour
  6542 | D:5      | Received a gift from Yredelemnul
  6603 | D:5      | Reached skill level 5 in Invocations
  6632 | D:5      | Noticed Blork the orc
  6638 | D:5      | Killed Blork the orc
  6638 | D:5      | Reached skill level 6 in Fighting
  6727 | D:5      | Reached XP level 9. HP: 43/75 MP: 10/12
  6982 | D:5      | Received a gift from Yredelemnul
  7619 | D:5      | Paralysed by a giant eyeball for 2 turns
  7620 | D:5      | Acquired Yredelemnul's fifth power
  7821 | D:6      | Found a staircase to the Ecumenical Temple.
  7982 | D:6      | Received a gift from Yredelemnul
  8378 | Temple   | Entered the Ecumenical Temple
  8744 | D:7      | Found a shadowy altar of Dithmenos.
  9040 | D:7      | Received a gift from Yredelemnul
  9267 | D:7      | Reached skill level 7 in Fighting
  9518 | D:8      | Gained mutation: You are agile. (Dex +2) [potion of beneficial mutation]
  9635 | D:8      | Received a gift from Yredelemnul
 10062 | D:8      | Reached XP level 10. HP: 72/86 MP: 8/15
 10177 | D:8      | Found a viscous altar of Jiyva.
 10264 | D:8      | Noticed Gastronok
 10299 | D:8      | Killed Gastronok
 11085 | D:9      | Received a gift from Yredelemnul
 11353 | D:9      | Reached skill level 8 in Fighting
 11554 | D:9      | You fall through a shaft for 2 floors!
 11582 | D:11     | Received a gift from Yredelemnul
 11861 | D:11     | Paralysed by a giant eyeball for 4 turns
 11959 | D:11     | Found a staircase to the Lair.
 11989 | D:11     | Received a gift from Yredelemnul
 12012 | D:11     | Gained mutation: You are dopey. (Int -2) [a neqoxec]
 12071 | D:11     | Reached XP level 11. HP: 41/95 MP: 16/18
 12072 | D:11     | Reached skill level 9 in Fighting
 12187 | D:11     | Noticed a hill giant
 12204 | D:11     | Killed a hill giant
 12462 | D:11     | Found a staircase to the Orcish Mines.
 12558 | D:10     | Entered Level 10 of the Dungeon
 13138 | D:10     | Reached skill level 5 in Evocations
 13426 | D:10     | Noticed Nergalle
 13429 | D:10     | Noticed a spectral orc warlord
 13470 | D:10     | Killed a spectral orc warlord
 13484 | D:10     | Killed Nergalle
 13781 | D:10     | Your ally Nergalle died
 13800 | D:10     | Killed ztt's ghost
 14160 | D:11     | Noticed a hill giant
 14169 | D:11     | Killed a hill giant
 14223 | D:11     | Got a pair of heavily runed gloves
 14226 | D:11     | Identified the cursed -1 pair of gloves "Uroisk" {Str+4 Dex+4} (You found it on level 11 of the Dungeon)
 14346 | D:11     | Got an encrusted buckler
 14352 | D:11     | Identified the cursed -2 buckler of Least Resistance {rElec Acc+5 Dam+4} (You took it off a wight on level 11 of the Dungeon)
 14732 | Lair:1   | Entered Level 1 of the Lair of Beasts
 14851 | Orc:1    | Entered Level 1 of the Orcish Mines
 14855 | Orc:1    | Found Imetili's Antique Armour Boutique.
 15141 | Orc:2    | Reached skill level 10 in Fighting
 15329 | Orc:1    | Found a roughly hewn altar of Beogh.
 15337 | Orc:1    | Received a gift from Yredelemnul
 15374 | Orc:1    | Noticed a lindwurm
 15380 | Orc:1    | Killed a lindwurm
 15382 | Orc:1    | Found a dark tunnel.
 15394 | Volcano  | Entered a volcano
 15960 | Orc:1    | Bought a brightly glowing cloak for 228 gold pieces
 15960 | Orc:1    | Bought a glowing ring mail for 96 gold pieces
 15972 | Orc:1    | Identified the cursed -1 cloak of Forking Paths {MR++ Curse} (You bought it in a shop on level 1 of the Orcish Mines)
 16972 | Orc:3    | Received a gift from Yredelemnul
 17772 | Orc:3    | Received a gift from Yredelemnul
 18282 | Orc:4    | Entered Level 4 of the Orcish Mines
 18465 | Orc:4    | Received a gift from Yredelemnul
 18477 | Orc:4    | Found a staircase to the Elven Halls.
 18549 | Orc:4    | Reached skill level 5 in Stealth
 18841 | Orc:4    | Received a gift from Yredelemnul
 18851 | Orc:4    | Reached XP level 12. HP: 65/107 MP: 7/20
 18961 | Orc:4    | Noticed an orc high priest
 18964 | Orc:4    | Noticed an orc high priest
 18966 | Orc:4    | Killed an orc high priest
 18967 | Orc:4    | Noticed an orc high priest
 18974 | Orc:4    | Reached skill level 10 in Shields
 18974 | Orc:4    | Received a gift from Yredelemnul
 18982 | Orc:4    | Reached skill level 10 in Long Blades
 18982 | Orc:4    | Reached skill level 10 in Armour
 18992 | Orc:4    | Killed an orc high priest
 19002 | Orc:4    | Killed an orc high priest
 19143 | Orc:4    | Found Causuclah's Distillery.
 19143 | Orc:4    | Found Juadut's Weapon Shop.
 19261 | Orc:4    | Found Chewolun's General Store.
 19261 | Orc:4    | Found Shumutse's Weapon Shop.
 19570 | Orc:4    | Bought a scroll of remove curse for 39 gold pieces
 19571 | Orc:4    | Bought a scroll of remove curse for 39 gold pieces
 19578 | Orc:4    | Bought the +10 plate armour "Cuaguv" {rElec rPois rF+ MR++} for 1359 gold pieces
 19601 | Orc:4    | Bought a potion of lignification for 28 gold pieces
 19601 | Orc:4    | Bought a potion of restore abilities for 42 gold pieces
 19986 | Lair:1   | Killed Harold
 19995 | Lair:1   | Received a gift from Yredelemnul
 20168 | Lair:1   | Killed a five-headed hydra
 20481 | Lair:1   | Reached skill level 11 in Fighting
 20652 | Lair:1   | Received a gift from Yredelemnul
 20944 | Lair:2   | Noticed a six-headed hydra
 20946 | Lair:2   | Received a gift from Yredelemnul
 20951 | Lair:2   | Killed a six-headed hydra
 21238 | Lair:2   | Received a gift from Yredelemnul
 22108 | Lair:2   | Received a gift from Yredelemnul
 22918 | Lair:4   | Noticed a five-headed hydra
 22926 | Lair:4   | Killed a five-headed hydra
 22926 | Lair:4   | Reached XP level 13. HP: 111/116 MP: 5/22
 22967 | Lair:4   | Found a staircase to the Shoals.
 23097 | Lair:4   | Received a gift from Yredelemnul
 23935 | Lair:4   | Received a gift from Yredelemnul
 24307 | Lair:5   | Received a gift from Yredelemnul
 25455 | Lair:6   | Received a gift from Yredelemnul
 25584 | Lair:6   | Found a staircase to the Snake Pit.
 25938 | Lair:7   | Reached skill level 12 in Fighting
 26003 | Lair:7   | Found a staircase to the Slime Pits.
 26115 | Lair:7   | Received a gift from Yredelemnul
 26628 | Lair:7   | Reached skill level 10 in Invocations
 26876 | Lair:8   | Entered Level 8 of the Lair of Beasts
 26930 | Lair:8   | Received a gift from Yredelemnul
 27368 | Lair:8   | Reached XP level 14. HP: 125/127 MP: 24/24
 27386 | Lair:8   | Received a gift from Yredelemnul
 28618 | Lair:8   | Found a burning altar of Makhleb.
 28870 | Lair:8   | Found a gateway to Hell.
 29156 | Lair:8   | Received a gift from Yredelemnul
 29589 | D:12     | Found a shimmering altar of Xom.
 30008 | D:12     | Received a gift from Yredelemnul
 30458 | D:12     | Received a gift from Yredelemnul
 30850 | D:13     | Got a vibrating ruby amulet
 30851 | D:13     | Identified the amulet "Plaucurgh" {Inacc Int+3 Dam+3} (You found it on level 13 of the Dungeon)
 31026 | D:13     | Received a gift from Yredelemnul
 31668 | D:14     | Found a frozen archway.
 31675 | D:14     | Received a gift from Yredelemnul
 31684 | IceCv    | Entered an ice cave
 32381 | D:14     | Reached skill level 13 in Fighting
 32451 | D:14     | Received a gift from Yredelemnul
 32755 | D:14     | Found a gate to the Vaults.
 33099 | D:15     | Entered Level 15 of the Dungeon
 33220 | D:15     | Noticed Rupert
 33234 | D:15     | Killed Rupert
 33234 | D:15     | Reached XP level 15. HP: 130/136 MP: 26/26
 33638 | Orc:4    | Bought 2 potions of agility for 70 gold pieces
 33638 | Orc:4    | Bought a potion of might for 35 gold pieces
 33638 | Orc:4    | Bought a potion of might for 35 gold pieces
 33936 | D:15     | Found a staircase to the Depths.
 34799 | Snake:1  | Entered Level 1 of the Snake Pit
 35158 | Snake:1  | Received a gift from Yredelemnul
 35744 | Snake:2  | Noticed Nikola
 35752 | Snake:2  | Killed Nikola
 35752 | Snake:2  | Reached skill level 1 in Crossbows
 35797 | Snake:2  | Noticed Vashnia
 35808 | Snake:2  | Killed Vashnia
 36644 | Snake:2  | Received a gift from Yredelemnul
 37673 | Snake:3  | Noticed Kae's ghost (mighty NaFi)
 37682 | Snake:3  | Received a gift from Yredelemnul
 37692 | Snake:3  | Killed Kae's ghost
 37885 | Snake:3  | Reached skill level 14 in Fighting
 38157 | Snake:3  | Received a gift from Yredelemnul
 38664 | Snake:4  | Received a gift from Yredelemnul
 38960 | Snake:4  | Reached XP level 16. HP: 133/146 MP: 28/28
 39049 | Snake:4  | Identified a +3 rod of the swarm (12/12) (You found it on level 4 of the Snake Pit)
 39816 | Snake:5  | Entered Level 5 of the Snake Pit
 39878 | Snake:5  | Found Qiahyfa's Food Shop.
 40131 | Snake:5  | Received a gift from Yredelemnul
 41169 | Snake:5  | Received a gift from Yredelemnul
 41295 | Snake:5  | Received a gift from Yredelemnul
 41453 | Snake:5  | Received a gift from Yredelemnul
 42445 | Snake:5  | Received a gift from Yredelemnul
 42471 | Snake:5  | Received a gift from Yredelemnul
 42479 | Snake:5  | Got a serpentine rune of Zot
 42971 | Shoals:1 | Entered Level 1 of the Shoals
 42999 | Shoals:1 | Received a gift from Yredelemnul
 43340 | Shoals:1 | Received a gift from Yredelemnul
 43742 | Shoals:1 | Reached skill level 15 in Fighting
 43778 | Shoals:1 | Noticed Nessos
 43782 | Shoals:1 | Noticed Aizul
 43785 | Shoals:1 | Killed Nessos
 43791 | Shoals:1 | Killed Aizul
 43791 | Shoals:1 | Reached XP level 17. HP: 122/156 MP: 29/29
 44197 | Shoals:2 | Received a gift from Yredelemnul
 44518 | Shoals:2 | Gained mutation: You have a slow metabolism. [potion of beneficial mutation]
 44745 | Shoals:2 | Reached skill level 15 in Shields
 44780 | Shoals:2 | Reached skill level 15 in Armour
 44996 | Shoals:3 | Noticed Asterion
 45005 | Shoals:3 | Noticed Louise
 45008 | Shoals:3 | Killed Asterion
 45019 | Shoals:3 | Killed Louise
 45253 | Shoals:3 | Noticed Snorg
 45260 | Shoals:3 | Killed Snorg
 45260 | Shoals:3 | Reached skill level 15 in Long Blades
 45513 | Shoals:3 | Received a gift from Yredelemnul
 45537 | Shoals:3 | Identified a scroll of acquirement
 45542 | Shoals:3 | Got a scintillating amber ring
 45545 | Shoals:3 | Identified the ring "Frytuwn" {Wiz rF++ rC- rN+ Dam+6} (You acquired it on level 3 of the Shoals)
 45557 | Shoals:3 | Noticed Wiglaf
 45567 | Shoals:3 | Killed Wiglaf
 46024 | Shoals:3 | Noticed Polyphemus
 46032 | Shoals:3 | Killed Polyphemus
 46033 | Shoals:3 | Received a gift from Yredelemnul
 46494 | Shoals:4 | Reached skill level 5 in Crossbows
 46668 | Shoals:4 | Identified Vehumet's Collected Works on Confrontation
 46972 | Shoals:5 | Entered Level 5 of the Shoals
 47195 | Shoals:5 | Noticed Ilsuiw
 47214 | Shoals:5 | Killed Ilsuiw
 47348 | Shoals:5 | Received a gift from Yredelemnul
 47517 | Shoals:5 | Received a gift from Yredelemnul
 48428 | Shoals:5 | Got a barnacled rune of Zot
 48880 | Elf:1    | Entered Level 1 of the Elven Halls
 48884 | Elf:1    | Noticed an Ice Fiend
 49175 | Elf:1    | Received a gift from Yredelemnul
 50531 | Elf:2    | Received a gift from Yredelemnul
 50701 | Elf:2    | Killed an Ice Fiend
 51076 | Elf:3    | Entered Level 3 of the Elven Halls
 51090 | Elf:3    | Found Schos' Antique Weapon Shop.
 51099 | Elf:3    | Noticed Jorgrun
 51108 | Elf:3    | Killed Jorgrun
 51108 | Elf:3    | Reached XP level 18. HP: 166/166 MP: 30/30
 51756 | Elf:3    | Received a gift from Yredelemnul
 51892 | Elf:3    | Reached skill level 16 in Fighting
 51936 | Elf:3    | Reached skill level 10 in Evocations
 52825 | Elf:3    | Received a gift from Yredelemnul
 53056 | Elf:3    | Got a steaming short sword
 53057 | Elf:3    | Identified the +9,+9 short sword of Skirmishing {slice, -Tele +Rage +Inv +Fly rElec SInv} (You took it off a deep elf annihilator on level 3 of the Elven Halls)
 53061 | Elf:3    | Identified the Collected Works on Companions
 53538 | Elf:3    | Identified a +0 pair of boots of running (You found it on level 3 of the Elven Halls)
 53541 | Elf:3    | Got a wavering ivory ring
 53551 | Elf:3    | Identified the ring "Bifoc" {rF+ Str+2 Int+2 Stlth+} (You found it on level 3 of the Elven Halls)
 53700 | Elf:3    | Got a crude great sword
 53704 | Elf:3    | Identified the +2,+4 great sword of Instinct {flame, rElec Int+3} (You found it on level 3 of the Elven Halls)
 54268 | Vaults:1 | Entered Level 1 of the Vaults
 54319 | Vaults:1 | Noticed Agnes
 54323 | Vaults:1 | Killed Agnes
 54464 | Vaults:1 | Noticed SaintRoka's ghost (mighty DDNe)
 54483 | Vaults:1 | Killed SaintRoka's ghost
 55100 | Vaults:1 | Found an iron altar of Okawaru.
 55123 | Vaults:1 | Noticed Norris
 55131 | Vaults:1 | Killed Norris
 55600 | Vaults:1 | Reached XP level 19. HP: 148/174 MP: 31/31
 56047 | Vaults:2 | Found a staircase to the Crypt.
 57076 | Vaults:2 | Got a fine robe
 57090 | Vaults:2 | Identified the cursed -5 robe of Disguise {Str+4 Dex+4} (You found it on level 2 of the Vaults)
 57761 | Vaults:2 | Reached skill level 5 in Short Blades
 57935 | Crypt:1  | Entered Level 1 of the Crypt
 58177 | Crypt:1  | Got a smoking ring mail
 58194 | Crypt:1  | Identified the +0 ring mail "Noerchazay" {Str+3 Int-3} (You found it on level 1 of the Crypt)
 58563 | Crypt:1  | Got a fine bronze amulet
 58579 | Crypt:1  | Identified the amulet of Clerie Moud {Clar MR++ Stlth-} (You found it on level 1 of the Crypt)
 59717 | Crypt:2  | Got a transparent scale mail
 59735 | Crypt:2  | Identified the +4 scale mail "Gufeic" {rC+} (You found it on level 2 of the Crypt)
 59784 | Crypt:2  | HP: 10/258 [poisoned by dark miasma]
 59786 | Crypt:2  | HP: 2/172 [poisoned by dark miasma]
 59787 | Crypt:2  | Succumbed to dark miasma's poison

Action                   |  1- 3 |  4- 6 |  7- 9 | 10-12 | 13-15 | 16-18 | 19-21 || total
-------------------------+-------+-------+-------+-------+-------+-------+-------++-------
Melee: Falchion          |    28 |   111 |   400 |   642 |   570 |   287 |       ||  2038
       Dagger            |   122 |   211 |       |    22 |    19 |       |       ||   374
       Unarmed           |       |       |       |     5 |       |       |    10 ||    15
       Demon blade       |       |       |       |       |   260 |   444 |   103 ||   807
       Crossbow          |       |       |       |       |       |     1 |       ||     1
       Short sword       |       |       |       |       |       |    26 |    82 ||   108
 Fire: Crossbow          |       |       |       |       |    79 |   166 |    89 ||   334
Throw: Stone             |    27 |       |       |       |       |       |       ||    27
       Dart              |    27 |    42 |     9 |    42 |    57 |       |       ||   177
       Tomahawk          |       |    13 |    24 |    27 |    24 |       |       ||    88
Invok: Animate Remains   |     3 |     7 |       |       |       |     6 |       ||    16
       Recall Undead Sla |     1 |       |       |    14 |    23 |    27 |     4 ||    69
       Animate Dead      |       |     8 |    42 |    94 |    46 |    44 |    10 ||   244
       Enslave Soul      |       |       |     5 |     2 |     1 |     2 |     1 ||    11
       Injury Mirror     |       |       |       |     2 |       |       |       ||     2
       Drain Life        |       |       |       |     6 |    10 |    28 |       ||    44
 Abil: Evoke Flight      |       |       |       |       |       |     4 |       ||     4
       Evoke Berserk Rag |       |       |       |       |       |       |     1 ||     1
Evoke: Wand              |       |       |     7 |    59 |    29 |    72 |     6 ||   173
       Deck              |       |       |       |       |       |     2 |    12 ||    14
  Use: Scroll            |     5 |     6 |    12 |    34 |    18 |    20 |     5 ||   100
       Potion            |       |     4 |     3 |     3 |     7 |    15 |       ||    32
 Stab: Sleeping          |       |       |     1 |       |       |       |       ||     1
       Distracted        |       |       |       |    14 |    23 |    16 |     5 ||    58
       Betrayed ally     |       |       |       |     2 |       |       |       ||     2
       Invisible         |       |       |       |       |       |     7 |       ||     7
